 Dungeon Crawl Stone Soup version 0.32-a0-986-ga09f62fbf4 (webtiles) character file.

Game seed: 16422189635685435313

406 PixelatedCat the Slasher (level 6, -1/69 HPs)
             Began as a Coglin Gladiator on Apr 21, 2024.
             Succumbed to a gnoll's poison
             ... on level 7 of the Dungeon.
             The game lasted 00:05:43 (2701 turns).

PixelatedCat the Slasher (Coglin Gladiator)         Turns: 2701, Time: 00:05:43

Health: -1/69      AC: 23    Str: 16    XL:     6   Next: 87%
Magic:  6/6        EV:  2    Int:  8    God:
Gold:   153        SH:  0    Dex: 15    Spells: 5/5 levels left

rFire   . . .        a - +0 long sword {Rabni}
rCold   . . .        s - +2 dagger (flame) {Masaaki}
rNeg    . . .        l - melded +3 ring mail {rC+}
rPois   +            c - melded +0 helmet
rElec   .            g - melded +0 cloak
rCorr   .            (gloves currently unavailable)
SInv    .            (boots currently unavailable)
Will    +....        (amulet unavailable)
Stlth   +            (ring unavailable)
HPRegen 0.31/turn    (ring unavailable)
MPRegen 0.10/turn    (no gizmo)

%: no passive effects
@: lethally poisoned (-1 -> -6), tree-form, enlightened, revving
A: stationary, stasis, torment immunity, boosted hp, off-hand wielding, slow
wielding, warmup strikes, no jewellery
a: Invent Gizmo


You were on level 7 of the Dungeon.
You were a tree.
You visited 1 branch of the dungeon, and saw 5 of its levels.

You collected 153 gold pieces.

Inventory:

Hand Weapons
 a - a +0 long sword (weapon) {Rabni}
 s - a +2 dagger of flaming (offhand) {Masaaki}
Missiles
 d - 3 throwing nets (quivered)
 e - a javelin
 k - 4 atropa-tipped darts
Armour
 b - a +0 leather armour
 c - a +0 helmet (melded)
 g - a +0 cloak (melded)
 l - a +3 ring mail of cold resistance (melded)
Scrolls
 h - 6 scrolls of teleportation {unknown}
 i - a scroll of poison {unknown}
 n - 2 scrolls of enchant weapon {unknown}
 r - 2 scrolls of identify {unknown}
Potions
 m - a potion of might {unknown}
 p - a potion of invisibility {unknown}
 q - a potion of mutation {unknown}
 t - a potion of enlightenment


   Skills:
 - Level 2.6 Fighting
 + Level 5.3 Long Blades
 - Level 2.3 Throwing
 + Level 1.1 Armour
 - Level 4.6 Dodging


You had 5 spell levels left.
You didn't know any spells.
Your spell library contained the following spells:

 Spells                   Type           Power      Damage    Failure   Level
 Apportation              Tloc           0%         N/A       41%         1
 Necrotise                Necr           0%         1d4       41%         1
 Sting                    Conj/Alch      0%         1d3       41%         1
 Summon Small Mammal      Summ           0%         N/A       41%         1
 Call Imp                 Summ           0%         N/A       54%         2
 Sublimation of Blood     Necr           0%         N/A       54%         2
 Brom's Barrelling Bould  Conj/Erth      0%         2d3       99%         4
 Bombard                  Conj/Erth      0%         9d1       100%        6
 Dispersal                Tloc           0%         N/A       100%        6
 Gell's Gavotte           Tloc           0%         2d(11-16) 100%        6
 Manifold Assault         Tloc           0%         N/A       100%        7
 Summon Hydra             Summ           0%         N/A       100%        7
 Disjunction              Tloc           0%         N/A       100%        8
 Fulsome Fusillade        Conj/Alch      0%         (3-5)d4   100%        8


Dungeon Overview and Level Annotations

Branches:
Dungeon (4/15)
 Temple: D:4-7

Altars:

Shops:
D:3 (

Annotations:
D:3 Grinder, Robin


Innate Abilities, Weirdness & Mutations

You are a tree.
Your roots penetrate the ground, keeping you stationary.
You cannot be teleported.
You are immune to unholy pain and torment.
Your maximum health is greatly increased.
Your equipment is partially melded.
You can wield a second weapon in your off-hand.
It takes a long time for you to wield or remove held weapons.
Your first few attacks do less damage.
You cannot equip rings or amulets.


Message History

Something hits you.
You hit something with your +0 long sword.
You miss something with your +2 dagger of flaming.
Something barely misses you.
You closely miss something with your +0 long sword.
You barely miss something with your +2 dagger of flaming.
Something hits you but does no damage.
You hit something with your +0 long sword.
You closely miss something with your +2 dagger of flaming.
Something hits you but does no damage.
You miss something with your +0 long sword.
You miss something with your +2 dagger of flaming.
Something hits you.
You hit something with your +2 dagger of flaming.
You burn something.
Reactivating autopickup.
You feel a bit more experienced.
Things that are here:
a +0 dagger; a +0 robe; an orc corpse
There is an open gate here.
Found a book of the Warp.
You see here a +3 ring mail of cold resistance.
l - a +3 ring mail of cold resistance You start removing your armour.
You continue removing your +0 leather armour. x4
You finish removing your +0 leather armour.
You start putting on your armour.
You continue putting on your +3 ring mail of cold resistance. x5
You finish putting on your +3 ring mail of cold resistance.
You feel resistant to cold.
Found a hand axe.
No target in view!
A shadow imp comes into view.
The shadow imp shouts!
The shadow imp moves out of view.
You pick up a book of the Warp and begin reading...
You add the spells Gell's Gavotte, Dispersal, Manifold Assault and Disjunction to your library.
The shadow imp hits you but does no damage.
You hit the shadow imp but do no damage.
You closely miss the shadow imp with your +0 long sword.
A kobold comes into view. It is wielding a +2 whip of freezing.
The shadow imp barely misses you.
You completely miss the shadow imp with your +0 long sword.
You barely miss the shadow imp with your +2 dagger of flaming.
The shadow imp disappears for a moment.
The shadow imp gestures at you. Pain shoots through your body!
You slash the shadow imp with your +0 long sword!
The shadow imp is severely wounded.
You hit the shadow imp with your +2 dagger of flaming.
You burn the shadow imp.
You kill the shadow imp!
You closely miss the kobold with your +0 long sword.
You hit the kobold with your +2 dagger of flaming.
You burn the kobold. The kobold closely misses you.
You barely miss the kobold with your +2 dagger of flaming.
The kobold is severely wounded.
You hit the kobold but do no damage.
The kobold hits you with a +2 whip of freezing.
The kobold freezes you.
You hit the kobold but do no damage.
The kobold is severely wounded.
You hit the kobold with your +0 long sword.
You kill the kobold!
No target in view!
Found a book of Displacement.
Things that are here:
a +2 whip of freezing; a +0 robe A malevolent force fills the Dungeon...
You fall into a shaft and drop 3 floors!
The shaft crumbles and collapses.
You now have 123 gold pieces (gained 20).
Found an escape hatch in the floor.
You now have 141 gold pieces (gained 18).
You now have 153 gold pieces (gained 12).
A gnoll comes into view. It is wielding a +0 whip.
The gnoll shouts!
You hear a shout!
A gnoll comes into view. It is wielding a +2 whip of venom.
The gnoll moves out of view.
You hear a shout!
You hear a shout!
A gnoll comes into view. It is wielding a +0 club.
A gnoll sergeant comes into view. It is wielding a +0 spear of freezing.
The gnoll sergeant shouts!
A gnoll comes into view. It is wielding a +0 spear of venom.
You hit the gnoll but do no damage.
You completely miss the gnoll with your +2 dagger of flaming.
You closely miss the gnoll with your +2 dagger of flaming.
You hit the gnoll but do no damage. The gnoll hits you but does no damage.
A gnoll comes into view. It is wielding a +0 whip.
You hit the gnoll with your +2 dagger of flaming.
You burn the gnoll.
The gnoll is heavily wounded.
You barely miss the gnoll with your +0 long sword.
The gnoll barely misses you.
The gnoll hits you with a +2 whip of venom.
You are poisoned.
You hit the gnoll with your +0 long sword.
You kill the gnoll!
You feel very sick.
You hit the gnoll with your +2 dagger of flaming.
You burn the gnoll.
The gnoll is moderately wounded.
You slash the gnoll with your +0 long sword!
You feel sick. The gnoll closely misses you.
You hit the gnoll with your +0 long sword.
The gnoll is almost dead.
You hit the gnoll with your +2 dagger of flaming.
You burn the gnoll.
You kill the gnoll!
You feel sick.
Your Armour skill increases to level 1!
You closely miss the gnoll with your +2 dagger of flaming.
You hit the gnoll with your +0 long sword.
You feel sick.
You hit the gnoll with your +2 dagger of flaming.
You burn the gnoll.
The gnoll is heavily wounded.
You hit the gnoll but do no damage.
You feel sick. The gnoll hits you but does no damage.
You hit the gnoll with your +2 dagger of flaming.
You burn the gnoll.
You kill the gnoll!
You feel sick.
You slash the gnoll with your +0 long sword!
The gnoll is severely wounded.
You hit the gnoll but do no damage.
You feel sick. The gnoll hits you with a +0 whip.
The gnoll sergeant hits you from afar with a +0 spear of freezing.
You hit the gnoll with your +2 dagger of flaming.
You burn the gnoll.
The gnoll is almost dead.
You slash the gnoll with your +0 long sword!
You kill the gnoll!
You feel sick.
You are no longer poisoned.
The gnoll sergeant barely misses you.
You swing at nothing.
The gnoll sergeant hits you from afar with a +0 spear of freezing!
The gnoll sergeant freezes you. The gnoll hits you but does no damage.
You are poisoned.
The gnoll sergeant hits you with a +0 spear of freezing.
Items here: )))) †††.
You hit the gnoll sergeant with your +0 long sword.
The gnoll sergeant is lightly wounded.
You hit the gnoll sergeant but do no damage.
You feel sick.
The gnoll sergeant hits you with a +0 spear of freezing!
* * * LOW HITPOINT WARNING * * *
The gnoll hits you from afar with a +0 spear of venom.
* * * LOW HITPOINT WARNING * * *
You are more poisoned.
You hit the gnoll sergeant but do no damage.
The gnoll sergeant is lightly wounded.
You hit the gnoll sergeant with your +2 dagger of flaming.
You burn the gnoll sergeant.
* * * LOW HITPOINT WARNING * * *
You feel very sick. The gnoll barely misses you.
The gnoll sergeant barely misses you.
You feel better.
The gnoll sergeant hits you but does no damage.
The gnoll barely misses you.
You hit the gnoll sergeant but do no damage.
The gnoll sergeant is moderately wounded.
You barely miss the gnoll sergeant with your +0 long sword.
The gnoll barely misses you.
The gnoll sergeant completely misses you.
You completely miss the gnoll sergeant with your +0 long sword.
The gnoll sergeant is moderately wounded.
You hit the gnoll sergeant but do no damage.
The gnoll hits you from afar with a +0 spear of venom.
* * * LOW HITPOINT WARNING * * *
You are lethally poisoned!
The gnoll sergeant misses you.
You feel better.
The gnoll hits you from afar with a +0 spear of venom.
* * * LOW HITPOINT WARNING * * *
You are poisoned.
The gnoll sergeant hits you with a +0 spear of freezing!
* * * LOW HITPOINT WARNING * * *
The gnoll sergeant freezes you.
* * * LOW HITPOINT WARNING * * *
You turn into a tree.
Your +0 cloak melds into your body.
Your +0 helmet melds into your body.
Your +3 ring mail of cold resistance melds into your body.
You feel less resistant to cold.
Your roots penetrate the ground.
* * * LOW HITPOINT WARNING * * *
You feel very sick. The gnoll hits you but does no damage.
The gnoll sergeant hits you with a +0 spear of freezing.
* * * LOW HITPOINT WARNING * * *
The gnoll sergeant freezes you.
* * * LOW HITPOINT WARNING * * *
It was a potion of enlightenment.
Your roots keep you in place.
* * * LOW HITPOINT WARNING * * *
You feel sick. The gnoll hits you but does no damage.
The gnoll sergeant hits you but does no damage.
It was a potion of magic.
Magic courses through your body.
You die...

#.#.##.#.# ..
#.#.##.#.# .###
#.#>##.#.# ....
#.#.##.#.# ...
#.#.##.#.# ..#
#.#.##.#.## #g#
#.#.##.#..# #g#
#.#......## #♣#
#.####.### #.#
#........#
#.#........#.#
#.#........#.#
#.#...####.#.#
#.###.# #.#.#
#.# #.. ..#.#
#.##########.##
#.............#


You could see a gnoll sergeant and a gnoll.

Vanquished Creatures
  A black bear (D:4)
  A scorpion (D:4)
  A hound (D:4)
  Natasha (D:3)
  2 orc wizards (D:4)
  4 gnolls (D:7)
  2 adders
  2 shadow imps (D:4)
  2 dart slugs (D:1)
  An orc (D:3)
  10 endoplasms
  3 giant cockroaches
  11 goblins
  8 hobgoblins
  4 jackals (D:1)
  5 kobolds
  5 quokkas
  6 ball pythons
  4 bats
  2 frilled lizards
  8 rats
83 creatures vanquished.

Notes
Turn   | Place    | Note
-------+----------+-------------------------------------------
     0 | D:1      | PixelatedCat the Coglin Gladiator began the quest for the
                  | Orb.
     0 | D:1      | Reached XP level 1. HP: 16/16 MP: 1/1
    66 | D:1      | Reached XP level 2. HP: 13/22 MP: 2/2
   362 | D:1      | Reached XP level 3. HP: 27/28 MP: 3/3
  1034 | D:2      | Got the Handbook of Bolts
  1703 | D:3      | Noticed Natasha
  1708 | D:3      | Reached XP level 4. HP: 14/34 MP: 4/4
  1714 | D:3      | Killed Natasha
  1865 | D:3      | Noticed Robin
  1932 | D:3      | Found Zithen's Antique Weapon Emporium.
  1983 | D:3      | Reached skill level 4 in Long Blades
  2024 | D:3      | Noticed Grinder
  2024 | D:3      | Paralysed by Grinder for 4 turns
  2032 | D:3      | Paralysed by Grinder for 5 turns
  2040 | D:3      | Found a faded altar of an unknown god.
  2172 | D:4      | Reached XP level 5. HP: 39/39 MP: 5/5
  2289 | D:4      | Noticed a black bear
  2304 | D:4      | Killed a black bear
  2305 | D:4      | Reached XP level 6. HP: 36/46 MP: 6/6
  2308 | D:4      | Reached skill level 5 in Long Blades
  2625 | D:4      | You fall into a shaft and drop 3 floors!
  2686 | D:7      | Reached skill level 1 in Armour
  2694 | D:7      | HP: 1/46 [poisoned by a gnoll]
  2699 | D:7      | HP: 3/69 [poisoned by a gnoll]
  2699 | D:7      | HP: 1/69 [gnoll sergeant/+0 spear of freezing (1)]
  2701 | D:7      | Succumbed to a gnoll's poison

Illustrated notes

Levels and vault maps discovered:
D:1:      minmay_arrival_hallway, layout_basic
D:2:      layout_basic, serial_rivers, chequers_serial_rivers_small_b,
          chequers_serial_rivers_large_b, chequers_serial_rivers_micro_a,
          chequers_serial_rivers_small_3
D:3:      layout_loops_ring, chequers_ecumenical_altar_simple, serial_shops,
          nicolae_shop_trees, uniq_ijyb, uniq_natasha, uniq_robin, uniq_grinder
D:4:      layout_basic, st_stairs_5, hangedman_abyss_or_decor_passed,
          serial_library_hellmonk_octagon
D:7:      layout_basic, minmay_temple_entry_waves

Skill      XL: |  1  2  3  4  5  6 |
---------------+-------------------+-----
Throwing       | 2 |  2.3
Dodging        | 3 4 |  4.6
Long Blades    | 4 5 |  5.3
Armour         | 1 |  1.1
Fighting       | |  2.6

Action                     |  1- 3 |  4- 6 || total
---------------------------+-------+-------++-------
  Melee: Long sword        |    93 |    87 ||   180
         Dagger            |    74 |    92 ||   166
    Use: Potion            |       |     9 ||     9
   Stab: Sleeping          |     3 |     1 ||     4
 Armour: Leather armour    |    48 |    35 ||    83
         Skin              |       |    45 ||    45
         Ring mail         |       |    16 ||    16
  Dodge: Dodged            |    48 |    43 ||    91

Table legend: (Time is in decaauts)
 A = Elapsed time spent in this place.
 B = Non-inter-level travel time spent in this place.
 C = Inter-level travel time spent in this place.
 D = Time resting spent in this place.
 E = Time spent auto-exploring this place.
 F = Levels seen in this place.
 G = Mean time per level.
                   A        B        C        D        E       F      G
               +--------+--------+--------+--------+--------+-----+--------+
         Total |   2725 |   2621 |    104 |    169 |   1929 |   5 |  545.0 |
       Dungeon |   2725 |   2621 |    104 |    169 |   1929 |   5 |  545.0 |
               +--------+--------+--------+--------+--------+-----+--------+

Top non-repeatable levels by time:
     D:2: 1099 daAuts
     D:1: 717 daAuts
     D:4: 443 daAuts
     D:3: 389 daAuts
     D:7: 75 daAuts
